 Dungeon Crawl Stone Soup version 0.16-a0-3389-g45633df (webtiles) character file.

471 Kemay the Insei (level 7, 0/46 HPs)
             Began as an Octopode Monk on Dec 30, 2014.
             Slain by a hobgoblin
             ... wielding a +0 club
              (7 damage)
             ... on level 4 of the Dungeon.
             The game lasted 00:09:22 (3410 turns).

Kemay the Insei (Octopode Monk)                     Turns: 3410, Time: 00:09:22

Health: 0/46       AC:  1    Str: 10    XL:     7   Next: 9%
Magic:  7/7        EV: 15    Int: 15    God:
Gold:   131        SH:  0    Dex: 14    Spells: 0 memorised, 6 levels left

rFire  . . .     SeeInvis .     e - +2 whip (elec)
rCold  . . .     Clarity  +     (no shield)
rNeg   . . .     SustAb   .     (helmet restricted)
rPois  .         Gourm    .     g - amulet of clarity
rElec  .         Spirit   .     (no ring)
rCorr  .         Warding  .     (no ring)
rMut   .         Stasis   .     (no ring)
MR     .....                    (no ring)
Stlth  +++.......               (no ring)
                                (no ring)
                                (no ring)
                                (no ring)

@: lethally poisoned, not resistant to hostile enchantments, fairly stealthy
A: almost no armour, amphibious, 8 rings, constrict 8, camouflage 1, gelatinous
body 1
a: no special abilities


You were on level 4 of the Dungeon.
You were not hungry.

You visited 1 branch of the dungeon, and saw 4 of its levels.

You collected 131 gold pieces.

Inventory:

Hand weapons
 b - a +0 blowgun
 e - a +2 whip of electrocution (weapon)
Missiles
 m - 14 poisoned needles
Jewellery
 g - an amulet of clarity (around mantle)
Scrolls
 c - 3 scrolls of recharging
 i - a scroll of magic mapping
Potions
 d - 2 potions of curing
 h - a potion of brilliance
 j - a potion of might
 k - a potion of agility
 l - 2 potions of invisibility
 q - a potion of restore abilities {unknown}
Miscellaneous
 p - a plain deck of wonders {drawn: 1}
Comestibles
 a - 15 chunks of flesh
 f - 6 meat rations
 n - 5 bread rations


   Skills:
 - Level 3.0 Fighting
 + Level 5.9 Dodging
 - Level 3.1 Stealth
 + Level 6.3 Unarmed Combat


You had 6 spell levels left.
You didn't know any spells.

Dungeon Overview and Level Annotations

Branches:
Dungeon (4/15)
 Temple: D:4-7

Altars:
Kikubaaqudgha
Nemelex Xobeh
Trog


Innate Abilities, Weirdness & Mutations

You cannot wear most types of armour.
You are amphibious.
You can wear up to eight rings at the same time.
You can use your tentacles to constrict many enemies at once.
Your skin changes colour to match your surroundings (Stealth).
Your rubbery body absorbs attacks (AC +1).


Message History

You hit the worm but do no damage.
There is a sudden explosion of sparks!
You grab the worm.
The worm is moderately wounded.
You constrict the worm.
You feel sick. The worm closely misses you.
You hit the worm.
There is a sudden explosion of sparks!
You tentacle-slap the worm, but do no damage.
You squeeze the worm.
You kill the worm!
You hit the iguana.
There is a sudden explosion of sparks!
You kill the iguana!
You hit the hobgoblin but do no damage. You grab the hobgoblin.
You constrict the hobgoblin, but do no damage.
You feel sick. The hobgoblin hits you with a club.
* * * LOW HITPOINT WARNING * * *
You barely miss the hobgoblin. You constrict the hobgoblin.
The hobgoblin misses you.
You barely miss the hobgoblin.
The hobgoblin is lightly wounded.
You constrict the hobgoblin. The hobgoblin hits you with a club!
You die...

### . #..###
##...
...##....# #...
....#....##
#..#
....#.....#
#..#
....##....#
#..# ...#
#....# #..# ..#
###..# #..#
####g########.#
..>#
#..@..........#
#.............#
#.............#
#.########'####
#. ##.รท.## #.
##..)..## #
#......[#
#.......#
#(......#


You could see a hobgoblin.

Vanquished Creatures
  An ogre (D:4)
  A jelly (D:3)
  2 hounds (D:4)
  3 worker ants (D:4)
  An iguana (D:4)
  Robin (D:2)
  6 adders
  3 worms
  An adder skeleton (D:4)
  3 giant geckos
  An ooze (D:3)
  10 orcs
  20 goblins
  9 hobgoblins
  2 quokkas
  14 bats
  5 giant newts
  5 jackals (D:1)
  8 kobolds
  8 rats
104 creatures vanquished.

Notes
Turn   | Place    | Note
--------------------------------------------------------------
     0 | D:1      | Kemay, the Octopode Monk, began the quest for the Orb.
     0 | D:1      | Reached XP level 1. HP: 16/16 MP: 1/1
   356 | D:1      | Reached XP level 2. HP: 21/21 MP: 2/2
  1095 | D:1      | Reached XP level 3. HP: 23/26 MP: 3/3
  1279 | D:2      | Found an ancient bone altar of Kikubaaqudgha.
  1324 | D:2      | Noticed Robin
  1346 | D:2      | Killed Robin
  1348 | D:2      | Reached XP level 4. HP: 11/31 MP: 4/4
  2471 | D:3      | Reached skill level 5 in Unarmed Combat
  2493 | D:3      | Reached XP level 5. HP: 32/36 MP: 5/5
  2755 | D:3      | Found a bloodstained altar of Trog.
  3176 | D:4      | Reached skill level 5 in Dodging
  3176 | D:4      | Reached XP level 6. HP: 29/42 MP: 6/6
  3280 | D:4      | Found a sparkling altar of Nemelex Xobeh.
  3310 | D:4      | Noticed an ogre
  3322 | D:4      | Killed an ogre
  3396 | D:4      | Reached skill level 6 in Unarmed Combat
  3403 | D:4      | Reached XP level 7. HP: 12/46 MP: 7/7
  3410 | D:4      | Slain by a hobgoblin

Action                   |  1- 3 |  4- 6 |  7- 9 || total
-------------------------+-------+-------+-------++-------
Melee: Unarmed           |     8 |       |       ||     8
       Whip              |    47 |   141 |     7 ||   195
 Fire: Blowgun           |       |     3 |       ||     3
Evoke: Deck              |       |     1 |       ||     1
  Use: Scroll            |     6 |     9 |       ||    15
 Stab: Sleeping          |     7 |     6 |       ||    13
       Distracted        |     2 |       |       ||     2
  Eat: Chunk             |     1 |     7 |       ||     8
